AoeStats
← Lady Malbec

Arabia

509723992Analyzed
1v1 RM · 3d ago on Sep 27, 2026· 46m 51s· 2 players
Game mode
Random Map
Map size
Tiny (2 player)
Population
200
Speed
Normal
Resources
Standard
Victory
Conquest
Starting age
Dark Age
Ending age
Imperial Age
RankedLock teamsTeams togetherTeam positionsShared explorationLock speedFull tech treeHidden civsTurbo modeCheats
Victory
Defeat
🇦🇷 Georgians · Argentina
1186
+17
🇩🇪 Saracens · Germany
1197
-17
Lady Malbec
6:12 Loom
9:44 Feudal Age
10:21 Double-Bit Axe
11:43 Horse Collar
14:51 Town Watch
20:35 Castle Age
19:56 Gold Mining
21:21 Fletching
22:55 Husbandry
25:58 Bow Saw
27:59 Heavy Plow
28:12 Fletching
33:52 Wheelbarrow
33:57 Bodkin Arrow
37:02 Imperial Age
35:15 Sanctity
36:19 Town Patrol
36:27 Scale Barding Armor
38:09 Forging
38:07 Guard Tower
39:00 Conscription
Ando
6:08 Loom
8:54 Feudal Age
15:25 Double-Bit Axe
21:12 Castle Age
20:13 Fletching
20:24 Padded Archer Armor
20:38 Gold Mining
21:50 Bodkin Arrow
21:19 Crossbowman
23:19 Leather Archer Armor
26:57 Horse Collar
29:16 Ballistics
35:20 Imperial Age
33:15 Scale Barding Armor
33:40 Town Watch
34:50 Bloodlines
34:40 Husbandry
35:16 Light Cavalry
37:14 Hussar
Connection lost

Rejoining the realm…

Still unreachable

The connection could not be restored.

Session expired

The server has moved on; the page needs a fresh start.